Blackdemons vs Patriotes
Created - April 25, 2017 at 19:03
Goals
|
| Blackdemons |
2 |
2 |
3 |
7 |
| Patriotes |
1 |
0 |
0 |
1 |
|
Shots
|
| Blackdemons |
4 |
18 |
19 |
41 |
| Patriotes |
14 |
5 |
14 |
33 |
|
1st period
1. Blackdemons , Steven Zalewski 32 (Noel Acciari 19) at 13:18 (PP)
2. Patriotes , Zenon Konopka 27 (Andrew Gordon 36, Ryan Wilson 37) at 18:07
3. Blackdemons , Jordan Szwarz 13 (Oscar Klefbom 27, Keaton Ellerby 15) at 19:22
Penalties :
Ben Maxwell (MJM) for Slashing (Minor) at 2:14, Timothy Kunes (Nyc) for Tripping (Minor) at 7:17, Melker Karlsson (Nyc) for Tripping (Minor) at 12:36, Ben Maxwell (MJM) for Interference (Minor) at 13:40
2nd period
4. Blackdemons , Jordan Szwarz 14 (Steve Oleksy 23, Noel Acciari 20) at 6:42 (PP)
5. Blackdemons , Ben Maxwell 15 (Dan Bertram 13, Calvin de Haan 25) at 9:08
Penalties :
Fedor Fedorov (Nyc) for Hooking (Minor) at 5:03, Calvin de Haan (MJM) for Roughing (Minor) at 6:57, Oscar Klefbom (MJM) for Hooking (Minor) at 9:13
3rd period
6. Blackdemons , Jordan Szwarz 15 (Kyle Rau 6) at 0:54
7. Blackdemons , Dan Bertram 15 (Keaton Ellerby 16, Oscar Klefbom 28) at 5:09
8. Blackdemons , Kyle Rau 6 (Steve Oleksy 24, Calvin de Haan 26) at 13:53
Penalties :
Noel Acciari (MJM) for Holding (Minor) at 8:36
Goalie Stats
Matt Hackett (MJM), 32 saves from 33 shots - (0.970), W, 11-12-3, 60:00 minutes
Marek Schwarz (Nyc), 18 saves from 23 shots - (0.783), L, 31-23-3, 40:54 minutes
Jason Missiaen (Nyc), 16 saves from 18 shots - (0.889), 19:06 minutes
Players Stats for Blackdemons
Player Name G A P +/- PIM S H SB GA TA FO MP PP MP PK MP
------------------------------------------------------------------------------------
Andrew MacDonald 0 0 0 0 0 5 1 0 0 0 0/0 24:57 3:02 6:11
Ben Maxwell 1 0 1 0 4 4 1 0 0 1 17/26 20:27 2:58 1:04
Blake Pietila 0 0 0 0 0 0 3 0 1 0 0/0 11:10 0:10 1:15
Bryan Rust 0 0 0 0 0 0 0 0 0 0 0/0 9:05 0:00 0:00
Calvin de Haan 0 2 2 2 2 0 0 1 0 0 0/0 11:51 0:00 0:00
Dan Bertram 1 1 2 4 0 1 2 1 0 0 0/0 14:47 0:00 0:00
Igor Makarov 0 0 0 -1 0 6 3 1 1 0 1/1 22:25 2:58 4:55
Jacob Lagacé 0 0 0 1 0 0 0 0 0 0 0/0 6:41 0:00 0:00
Jordan Szwarz 3 0 3 4 0 6 1 0 1 0 0/0 18:10 1:12 2:11
Keaton Ellerby 0 2 2 2 0 3 2 0 0 0 0/0 27:20 3:02 5:52
Kyle Rau 1 1 2 4 0 4 1 0 0 0 2/13 18:45 0:22 2:20
Matt Hunwick 0 0 0 0 0 5 1 1 1 0 0/0 20:00 1:18 3:44
Max Friberg 0 0 0 1 0 0 0 0 0 0 0/0 7:00 0:10 0:00
Noel Acciari 0 2 2 0 2 1 2 0 1 0 4/10 16:19 1:12 4:14
Oscar Klefbom 0 2 2 3 2 1 0 2 0 0 0/0 18:46 0:00 0:19
Sergei Plotnikov 0 0 0 -1 0 1 2 0 0 1 1/1 21:09 2:58 3:51
Steve Oleksy 0 2 2 1 0 3 0 0 1 0 0/0 17:15 1:18 3:44
Steven Zalewski 1 0 1 0 0 1 0 2 0 0 1/4 3:53 1:00 0:00
Players Stats for Patriotes
Player Name G A P +/- PIM S H SB GA TA FO MP PP MP PK MP
------------------------------------------------------------------------------------
Andrew Gordon 0 1 1 0 0 7 0 0 0 0 0/0 23:10 4:19 2:19
Austin Watson 0 0 0 0 0 0 2 0 0 0 1/1 17:13 4:19 0:34
Barry Tallackson 0 0 0 -3 0 3 2 1 0 0 2/7 26:21 5:11 2:10
Christian Hanson 0 0 0 -2 0 0 3 0 0 2 12/21 21:21 5:14 0:42
Fedor Fedorov 0 0 0 -2 2 2 1 1 0 1 1/2 21:33 5:14 1:09
Jared Knight 0 0 0 0 0 0 0 0 0 0 0/0 1:28 0:00 0:47
Jordie Benn 0 0 0 0 0 0 3 2 0 1 0/0 25:02 4:44 1:41
Lauri Tukonen 0 0 0 -1 0 0 0 0 0 0 0/0 8:45 0:05 0:00
Mathieu Perreault 0 0 0 -1 0 1 2 0 0 0 4/7 9:42 0:00 0:00
Mattias Weinhandl 0 0 0 -1 0 4 1 0 0 1 0/0 10:50 0:00 1:08
Melker Karlsson 0 0 0 -1 2 1 1 0 0 0 0/0 8:40 0:00 0:18
Mike Funk 0 0 0 -1 0 2 1 1 0 0 0/0 24:28 4:44 1:43
Robbie Russo 0 0 0 -2 0 1 1 0 0 0 0/0 11:23 0:00 0:55
Ryan Wilson 0 1 1 -3 0 3 4 2 1 0 0/0 29:34 5:11 2:30
Scott Glennie 0 0 0 0 0 0 0 0 0 0 0/0 4:50 0:22 0:00
Timothy Kunes 0 0 0 -2 2 4 3 3 1 0 0/0 27:08 5:11 1:24
Zach Budish 0 0 0 -1 0 0 0 0 0 0 0/0 7:30 0:42 0:00
Zenon Konopka 1 0 1 0 0 5 3 0 0 1 9/17 16:39 4:19 0:00
3 Stars
1 - Jordan Szwarz (MJM)
2 - Dan Bertram (MJM)
3 - Kyle Rau (MJM)
Power Play
Blackdemons - 2 on 3 Attempt(s) - 66.67%
Patriotes - 0 on 5 Attempt(s) - 0.00%
Penalty Kill
Blackdemons - 5 on 5 Attempt(s) - 100.00%
- Score 0 goal in Penalty Kill
Patriotes - 1 on 3 Attempt(s) - 33.33%
- Score 0 goal in Penalty Kill
Team Stat
Blackdemons - Hits : 19 - Faceoff Wins : 26 - Blocked Shots : 8 - Penalty Minutes : 10
Patriotes - Hits : 27 - Faceoff Wins : 29 - Blocked Shots : 10 - Penalty Minutes : 6
Official
Referees : StLaurent Francois and Meier Brad
Linesman : Pierre Champoux and Steve Barton
Game Notes
Steven Zalewski is injured at 17:39 of 1st period (Strained Left Knee)
Jordan Szwarz has scored a Hat Trick!
Jason Missiaen enters game at 0:54 of 3rd period
Finance
Level 1 -- Attendance: 1378 (68.90%) -- Ticket Income $48,230
Level 2 -- Attendance: 674 (67.40%) -- Ticket Income $10,110
Total Attendance: 2052 (68.40%)
Total Ticket Income: $58,340
Other Income: $2,917
Total Income: $61,257
Blackdemons
5 vs 5 Forward
Center Left Wing Right Wing Time % Phy DF OF
1 Ben Maxwell Sergei Plotnikov Igor Makarov 40 1 2 2
2 Steven Zalewski Dan Bertram Jordan Szwarz 30 1 2 2
3 Noel Acciari Blake Pietila Bryan Rust 20 1 2 2
4 Kyle Rau Jacob Lagacé Max Friberg 10 1 2 2
5 vs 5 Defense
Defense Defense Time % Phy DF OF
1 Oscar Klefbom Keaton Ellerby 40 1 2 2
2 Matt Hunwick Andrew MacDonald 30 1 2 2
3 Calvin de Haan Steve Oleksy 20 1 2 2
4 Andrew MacDonald Keaton Ellerby 10 1 2 2
PowerPlay Forward
Center Left Wing Right Wing Time % Phy DF OF
1 Ben Maxwell Sergei Plotnikov Igor Makarov 60 1 2 2
2 Steven Zalewski Noel Acciari Jordan Szwarz 40 1 2 2
PowerPlay Defense
Defense Defense Time % Phy DF OF
1 Andrew MacDonald Keaton Ellerby 60 1 2 2
2 Matt Hunwick Steve Oleksy 40 1 2 2
Penalty Kill 4 Players Forward
Center Wing Time % Phy DF OF
1 Noel Acciari Igor Makarov 60 1 2 2
2 Sergei Plotnikov Jordan Szwarz 40 1 2 2
Penalty Kill 4 Players Defense
Defense Defense Time % Phy DF OF
1 Andrew MacDonald Keaton Ellerby 60 1 2 2
2 Matt Hunwick Steve Oleksy 40 1 2 2
Penalty Kill - 3 Players Forward
Forward Time % Phy DF OF
1 Sergei Plotnikov 60 1 2 2
2 Igor Makarov 40 1 2 2
Penalty Kill - 3 Players Defense
Defense Defense Time % Phy DF OF
1 Andrew MacDonald Keaton Ellerby 60 1 2 2
2 Matt Hunwick Steve Oleksy 40 1 2 2
4 vs 4 Forward
Center Wing Time % Phy DF OF
1 Ben Maxwell Igor Makarov 60 1 2 2
2 Sergei Plotnikov Jordan Szwarz 40 1 2 2
4 vs 4 Defense
Defense Defense Time % Phy DF OF
1 Andrew MacDonald Keaton Ellerby 60 1 2 2
2 Matt Hunwick Steve Oleksy 40 1 2 2
Last Minutes Offensive
Center Left Wing Right Wing Defense Defense
Jordan Szwarz Sergei Plotnikov Igor Makarov Andrew MacDonald Keaton Ellerby
Last Minutes Defensive
Center Left Wing Right Wing Defense Defense
Jordan Szwarz Sergei Plotnikov Igor Makarov Andrew MacDonald Keaton Ellerby
Goaltenders
Starting : Matt Hackett
Backup : Sebastien Caron
Extra Forwards
Normal : Kyle Rau, Ben Maxwell, Noel Acciari - PP : Kyle Rau, Ben Maxwell - PK : Noel Acciari
Extra Defensemen
Normal : Calvin de Haan, Oscar Klefbom, Matt Hunwick - PP : Calvin de Haan - PK : Oscar Klefbom, Matt Hunwick
Penalty Shots
Ben Maxwell, Igor Makarov, Sergei Plotnikov, Jordan Szwarz, Steven Zalewski
Scratches
Scott Timmins (Healthy), Charles-Olivier Roussel (Healthy), Klas Dahlbeck (Healthy), Scott Wilson (Bruised Left Leg Injury), Jyrki Jokipakka (Healthy)
Reece Scarlett (Healthy), Steven Zalewski (Strained Left Knee Injury), Nicolas Deschamps (Healthy), Jeffrey Foss (Healthy), Sami Aittokallio (Healthy)
Patriotes
5 vs 5 Forward
Center Left Wing Right Wing Time % Phy DF OF
1 Christian Hanson Fedor Fedorov Barry Tallackson 40 1 2 2
2 Zenon Konopka Austin Watson Andrew Gordon 30 1 2 2
3 Mathieu Perreault Barry Tallackson Mattias Weinhandl 20 1 2 2
4 Melker Karlsson Andrew Gordon Lauri Tukonen 10 1 2 2
5 vs 5 Defense
Defense Defense Time % Phy DF OF
1 Ryan Wilson Timothy Kunes 40 1 2 2
2 Jordie Benn Mike Funk 30 1 2 2
3 Robbie Russo Ryan Wilson 20 1 2 2
4 Timothy Kunes Jordie Benn 10 1 2 2
PowerPlay Forward
Center Left Wing Right Wing Time % Phy DF OF
1 Christian Hanson Fedor Fedorov Barry Tallackson 60 1 2 2
2 Zenon Konopka Austin Watson Andrew Gordon 40 1 2 2
PowerPlay Defense
Defense Defense Time % Phy DF OF
1 Ryan Wilson Timothy Kunes 60 1 2 2
2 Jordie Benn Mike Funk 40 1 2 2
Penalty Kill 4 Players Forward
Center Wing Time % Phy DF OF
1 Barry Tallackson Andrew Gordon 60 1 2 2
2 Mattias Weinhandl Fedor Fedorov 40 1 2 2
Penalty Kill 4 Players Defense
Defense Defense Time % Phy DF OF
1 Ryan Wilson Timothy Kunes 60 1 2 2
2 Jordie Benn Mike Funk 40 1 2 2
Penalty Kill - 3 Players Forward
Forward Time % Phy DF OF
1 Barry Tallackson 60 1 2 2
2 Andrew Gordon 40 1 2 2
Penalty Kill - 3 Players Defense
Defense Defense Time % Phy DF OF
1 Ryan Wilson Timothy Kunes 60 1 2 2
2 Jordie Benn Mike Funk 40 1 2 2
4 vs 4 Forward
Center Wing Time % Phy DF OF
1 Barry Tallackson Andrew Gordon 60 1 2 2
2 Mattias Weinhandl Fedor Fedorov 40 1 2 2
4 vs 4 Defense
Defense Defense Time % Phy DF OF
1 Ryan Wilson Timothy Kunes 60 1 2 2
2 Jordie Benn Mike Funk 40 1 2 2
Last Minutes Offensive
Center Left Wing Right Wing Defense Defense
Christian Hanson Fedor Fedorov Barry Tallackson Ryan Wilson Timothy Kunes
Last Minutes Defensive
Center Left Wing Right Wing Defense Defense
Christian Hanson Fedor Fedorov Barry Tallackson Ryan Wilson Timothy Kunes
Goaltenders
Starting : Marek Schwarz
Backup : Jason Missiaen
Extra Forwards
Normal : Zach Budish, Scott Glennie, Jared Knight - PP : Zach Budish, Scott Glennie - PK : Jared Knight
Extra Defensemen
Normal : Robbie Russo, Mike Funk, Ryan Wilson - PP : Robbie Russo - PK : Mike Funk, Ryan Wilson
Penalty Shots
Barry Tallackson, Andrew Gordon, Mattias Weinhandl, Fedor Fedorov, Christian Hanson
Scratches
Anthony Bitetto (Strained Right Elbow Injury), Stephen Johns (Sprained Left Ankle Injury), Matt Calvert (Strained Left Knee Injury), Leland Irving (Healthy)
% Time on Ice - Blackdemons
Lines # - Real PCT - Wanted PCT - Time Play
Normal Forward
1 - 33% - 40% - 15:12
2 - 32% - 30% - 14:47
3 - 20% - 20% - 9:05
4 - 15% - 10% - 6:41
Normal Defense
1 - 41% - 40% - 18:36
2 - 30% - 30% - 13:57
3 - 26% - 20% - 11:40
4 - 3% - 10% - 1:32
PP Forward
1 - 72% - 60% - 3:08
2 - 28% - 40% - 1:12
PP Defense
1 - 70% - 60% - 3:02
2 - 30% - 40% - 1:18
PK Forward
1 - 78% - 60% - 7:44
2 - 22% - 40% - 2:11
PK Defense
1 - 62% - 60% - 6:11
2 - 38% - 40% - 3:44
PK3 Forward
1 - 0% - 60%
2 - 0% - 40%
PK3 Defense
1 - 0% - 60%
2 - 0% - 40%
44 Forward
1 - 0% - 60%
2 - 0% - 40%
44 Defense
1 - 0% - 60%
2 - 0% - 40%
Last Minute Offensive - 0:00
Last Minute Defensive - 0:00
Total
Forward - 60:00
Defense - 60:00
|
% Time on Ice - Patriotes
Lines # - Real PCT - Wanted PCT - Time Play
Normal Forward
1 - 34% - 40% - 15:33
2 - 27% - 30% - 12:20
3 - 21% - 20% - 9:42
4 - 18% - 10% - 8:10
Normal Defense
1 - 36% - 40% - 16:28
2 - 34% - 30% - 15:47
3 - 22% - 20% - 10:11
4 - 7% - 10% - 3:19
PP Forward
1 - 56% - 60% - 5:36
2 - 44% - 40% - 4:19
PP Defense
1 - 52% - 60% - 5:11
2 - 48% - 40% - 4:44
PK Forward
1 - 74% - 60% - 3:12
2 - 26% - 40% - 1:08
PK Defense
1 - 78% - 60% - 3:23
2 - 22% - 40% - 0:57
PK3 Forward
1 - 0% - 60%
2 - 0% - 40%
PK3 Defense
1 - 0% - 60%
2 - 0% - 40%
44 Forward
1 - 0% - 60%
2 - 0% - 40%
44 Defense
1 - 0% - 60%
2 - 0% - 40%
Last Minute Offensive - 0:00
Last Minute Defensive - 0:00
Total
Forward - 60:00
Defense - 60:00
|
Play by Play
1st period
0:01 of 1st period - Fedor Fedorov wins face-off versus Ben Maxwell in neutral zone.
0:10 of 1st period - Wrist shot by Fedor Fedorov.
0:10 of 1st period - Stopped by Matt Hackett without a rebound.
0:11 of 1st period - Zenon Konopka wins face-off versus Steven Zalewski in Blackdemons zone.
0:12 of 1st period - Wrist shot by Andrew Gordon.
0:12 of 1st period - Shot Blocked by Steven Zalewski.
0:14 of 1st period - Slapshot by Jordie Benn.
0:14 of 1st period - Shot Misses the Net.
0:16 of 1st period - Wrist shot by Andrew Gordon.
0:16 of 1st period - Stopped by Matt Hackett with a rebound.
0:18 of 1st period - Slapshot by Jordie Benn.
0:18 of 1st period - Shot Misses the Net.
0:33 of 1st period - Icing by Andrew MacDonald.
0:34 of 1st period - Mathieu Perreault wins face-off versus Steven Zalewski in Blackdemons zone.
0:41 of 1st period - Slapshot by Ryan Wilson.
0:41 of 1st period - Stopped by Matt Hackett with a rebound.
0:43 of 1st period - Slapshot by Mathieu Perreault.
0:43 of 1st period - Shot Blocked by Steven Zalewski.
0:45 of 1st period - Snap shot by Mattias Weinhandl.
0:45 of 1st period - Shot Misses the Net.
1:23 of 1st period - Slapshot by Ryan Wilson.
1:23 of 1st period - Stopped by Matt Hackett with a rebound.
1:37 of 1st period - Wrist shot by Andrew Gordon.
1:37 of 1st period - Stopped by Matt Hackett with a rebound.
2:14 of 1st period - Minor Penalty to Ben Maxwell for Slashing.
2:15 of 1st period - Christian Hanson wins face-off versus Noel Acciari in Blackdemons zone.
2:42 of 1st period - Andrew MacDonald is hit by Timothy Kunes and loses puck.
2:57 of 1st period - Fedor Fedorov is hit by Jordan Szwarz and loses puck.
3:02 of 1st period - Slapshot by Andrew MacDonald.
3:02 of 1st period - Shot Hit the Post.
4:12 of 1st period - Andrew MacDonald is hit by Ryan Wilson and loses puck.
4:14 of 1st period - Penalty to Ben Maxwell is over, Ben Maxwell is back on ice.
4:41 of 1st period - Slapshot by Oscar Klefbom.
4:41 of 1st period - Stopped by Marek Schwarz with a rebound.
4:43 of 1st period - Snap shot by Ben Maxwell.
4:43 of 1st period - Deflect By Kyle Rau.
4:43 of 1st period - Shot Misses the Net.
4:43 of 1st period - Puck is out of play.
4:44 of 1st period - Mathieu Perreault wins face-off versus Steven Zalewski in Patriotes zone.
4:49 of 1st period - Slapshot by Mattias Weinhandl.
4:49 of 1st period - Stopped by Matt Hackett without a rebound.
4:50 of 1st period - Steven Zalewski wins face-off versus Mathieu Perreault in Blackdemons zone.
5:00 of 1st period - Slapshot by Mattias Weinhandl.
5:00 of 1st period - Shot Misses the Net.
5:56 of 1st period - Barry Tallackson is hit by Blake Pietila and loses puck.
6:26 of 1st period - Wrist shot by Andrew Gordon.
6:26 of 1st period - Shot Blocked by Dan Bertram.
6:28 of 1st period - Snap shot by Andrew Gordon.
6:28 of 1st period - Shot Misses the Net.
6:40 of 1st period - Snap shot by Andrew Gordon.
6:40 of 1st period - Shot Misses the Net.
6:42 of 1st period - Snap shot by Timothy Kunes.
6:42 of 1st period - Stopped by Matt Hackett with a rebound.
6:55 of 1st period - Icing by Timothy Kunes.
6:56 of 1st period - Mathieu Perreault wins face-off versus Kyle Rau in Patriotes zone.
7:17 of 1st period - Minor Penalty to Timothy Kunes for Tripping.
7:18 of 1st period - Ben Maxwell wins face-off versus Barry Tallackson in Patriotes zone.
7:51 of 1st period - Slapshot by Noel Acciari.
7:51 of 1st period - Shot Blocked by Fedor Fedorov.
9:17 of 1st period - Penalty to Timothy Kunes is over, Timothy Kunes is back on ice.
10:02 of 1st period - Slapshot by Barry Tallackson.
10:02 of 1st period - Deflect By Mattias Weinhandl.
10:02 of 1st period - Stopped by Matt Hackett with a rebound.
10:14 of 1st period - Oscar Klefbom is hit by Austin Watson and loses puck.
10:27 of 1st period - Barry Tallackson is hit by Blake Pietila and loses puck.
11:38 of 1st period - Matt Hunwick is hit by Melker Karlsson.
11:42 of 1st period - Lauri Tukonen is hit by Matt Hunwick and loses puck.
12:36 of 1st period - Minor Penalty to Melker Karlsson for Tripping.
12:37 of 1st period - Ben Maxwell wins face-off versus Barry Tallackson in Patriotes zone.
12:50 of 1st period - Snap shot by Igor Makarov.
12:50 of 1st period - Deflect By Ben Maxwell.
12:50 of 1st period - Stopped by Marek Schwarz without a rebound.
12:51 of 1st period - Ben Maxwell wins face-off versus Barry Tallackson in Patriotes zone.
12:52 of 1st period - Slapshot by Andrew MacDonald.
12:52 of 1st period - Shot Blocked by Timothy Kunes.
13:06 of 1st period - Snap shot by Ben Maxwell.
13:06 of 1st period - Shot Blocked by Ryan Wilson.
13:18 of 1st period - Wrist shot by Steven Zalewski.
13:18 of 1st period - Goal by Steven Zalewski - Blackdemons : 1 - Patriotes : 0.
13:19 of 1st period - Christian Hanson wins face-off versus Ben Maxwell in neutral zone.
13:40 of 1st period - Minor Penalty to Ben Maxwell for Interference.
13:41 of 1st period - Barry Tallackson wins face-off versus Noel Acciari in Blackdemons zone.
13:54 of 1st period - Slapshot by Ryan Wilson.
13:54 of 1st period - Deflect By Barry Tallackson.
13:54 of 1st period - Shot Misses the Net.
13:54 of 1st period - Puck is out of play.
13:55 of 1st period - Noel Acciari wins face-off versus Christian Hanson in Blackdemons zone.
14:06 of 1st period - Andrew MacDonald is hit by Barry Tallackson and loses puck.
14:40 of 1st period - Jordie Benn is hit by Noel Acciari and loses puck.
15:40 of 1st period - Penalty to Ben Maxwell is over, Ben Maxwell is back on ice.
16:06 of 1st period - Kyle Rau is hit by Ryan Wilson and loses puck.
16:27 of 1st period - Noel Acciari is hit by Jordie Benn and loses puck.
17:38 of 1st period - Steven Zalewski is hit by Christian Hanson and loses puck.
17:39 of 1st period - Steven Zalewski from Blackdemons is injured at 17:39 of 1st period (Strained Left Knee).
17:40 of 1st period - Ben Maxwell wins face-off versus Christian Hanson in Blackdemons zone.
17:40 of 1st period - Igor Makarov is hit by Timothy Kunes and loses puck.
17:53 of 1st period - Slapshot by Fedor Fedorov.
17:53 of 1st period - Stopped by Matt Hackett with a rebound.
18:05 of 1st period - Snap shot by Andrew Gordon.
18:05 of 1st period - Stopped by Matt Hackett with a rebound.
18:07 of 1st period - Slapshot by Zenon Konopka.
18:07 of 1st period - Deflect By Sergei Plotnikov.
18:07 of 1st period - Goal by Zenon Konopka - Blackdemons : 1 - Patriotes : 1.
18:08 of 1st period - Ben Maxwell wins face-off versus Fedor Fedorov in neutral zone.
18:38 of 1st period - Icing by Andrew Gordon.
18:39 of 1st period - Zenon Konopka wins face-off versus Kyle Rau in Patriotes zone.
18:48 of 1st period - Slapshot by Andrew Gordon.
18:48 of 1st period - Stopped by Matt Hackett with a rebound.
18:58 of 1st period - Slapshot by Zenon Konopka.
18:58 of 1st period - Stopped by Matt Hackett without a rebound.
18:59 of 1st period - Ben Maxwell wins face-off versus Christian Hanson in Blackdemons zone.
19:12 of 1st period - Wrist shot by Barry Tallackson.
19:12 of 1st period - Stopped by Matt Hackett without a rebound.
19:13 of 1st period - Christian Hanson wins face-off versus Kyle Rau in Blackdemons zone.
19:19 of 1st period - Oscar Klefbom is hit by Fedor Fedorov and loses puck.
19:22 of 1st period - Wrist shot by Jordan Szwarz.
19:22 of 1st period - Goal by Jordan Szwarz - Blackdemons : 2 - Patriotes : 1.
19:23 of 1st period - Ben Maxwell wins face-off versus Christian Hanson in neutral zone.
Goals for this period are 2 for Blackdemons vs 1 for Patriotes.
Shots for this period are 4 for Blackdemons vs 14 for Patriotes.
2nd period
0:01 of 2nd period - Christian Hanson wins face-off versus Ben Maxwell in neutral zone.
0:27 of 2nd period - Timothy Kunes is hit by Dan Bertram and loses puck.
1:13 of 2nd period - Off-side.
1:14 of 2nd period - Christian Hanson wins face-off versus Kyle Rau in neutral zone.
1:25 of 2nd period - Slapshot by Matt Hunwick.
1:25 of 2nd period - Shot Misses the Net.
1:41 of 2nd period - Slapshot by Igor Makarov.
1:41 of 2nd period - Shot Misses the Net.
1:53 of 2nd period - Slapshot by Andrew MacDonald.
1:53 of 2nd period - Stopped by Marek Schwarz with a rebound.
1:55 of 2nd period - Slapshot by Andrew MacDonald.
1:55 of 2nd period - Shot Misses the Net.
1:57 of 2nd period - Snap shot by Jordan Szwarz.
1:57 of 2nd period - Stopped by Marek Schwarz without a rebound.
1:58 of 2nd period - Zenon Konopka wins face-off versus Ben Maxwell in Patriotes zone.
2:06 of 2nd period - Off-side.
2:07 of 2nd period - Zenon Konopka wins face-off versus Kyle Rau in neutral zone.
2:16 of 2nd period - Snap shot by Andrew Gordon.
2:16 of 2nd period - Stopped by Matt Hackett without a rebound.
2:17 of 2nd period - Christian Hanson wins face-off versus Kyle Rau in Blackdemons zone.
2:30 of 2nd period - Wrist shot by Jordan Szwarz.
2:30 of 2nd period - Stopped by Marek Schwarz with a rebound.
2:36 of 2nd period - Slapshot by Jordan Szwarz.
2:36 of 2nd period - Shot Misses the Net.
2:38 of 2nd period - Slapshot by Kyle Rau.
2:38 of 2nd period - Stopped by Marek Schwarz with a rebound.
2:40 of 2nd period - Wrist shot by Matt Hunwick.
2:40 of 2nd period - Stopped by Marek Schwarz with a rebound.
2:42 of 2nd period - Snap shot by Jordan Szwarz.
2:42 of 2nd period - Deflect By Kyle Rau.
2:42 of 2nd period - Stopped by Marek Schwarz with a rebound.
2:44 of 2nd period - Slapshot by Jordan Szwarz.
2:44 of 2nd period - Shot Misses the Net.
2:46 of 2nd period - Slapshot by Matt Hunwick.
2:46 of 2nd period - Shot Blocked by Ryan Wilson.
2:48 of 2nd period - Snap shot by Dan Bertram.
2:48 of 2nd period - Shot Misses the Net.
2:50 of 2nd period - Snap shot by Kyle Rau.
2:50 of 2nd period - Stopped by Marek Schwarz without a rebound.
2:51 of 2nd period - Ben Maxwell wins face-off versus Zenon Konopka in Patriotes zone.
2:54 of 2nd period - Snap shot by Igor Makarov.
2:54 of 2nd period - Stopped by Marek Schwarz without a rebound.
2:55 of 2nd period - Ben Maxwell wins face-off versus Zenon Konopka in Patriotes zone.
2:56 of 2nd period - Snap shot by Igor Makarov.
2:56 of 2nd period - Shot Misses the Net.
3:32 of 2nd period - Oscar Klefbom is hit by Mike Funk.
4:04 of 2nd period - Barry Tallackson is hit by Igor Makarov and loses puck.
4:53 of 2nd period - Slapshot by Matt Hunwick.
4:53 of 2nd period - Shot Misses the Net.
4:55 of 2nd period - Snap shot by Noel Acciari.
4:55 of 2nd period - Shot Misses the Net.
4:57 of 2nd period - Slapshot by Matt Hunwick.
4:57 of 2nd period - Stopped by Marek Schwarz with a rebound.
5:03 of 2nd period - Minor Penalty to Fedor Fedorov for Hooking.
5:04 of 2nd period - Ben Maxwell wins face-off versus Barry Tallackson in Patriotes zone.
5:11 of 2nd period - Wrist shot by Igor Makarov.
5:11 of 2nd period - Deflect By Ben Maxwell.
5:11 of 2nd period - Shot Blocked by Timothy Kunes.
5:11 of 2nd period - Puck is out of play.
5:12 of 2nd period - Barry Tallackson wins face-off versus Ben Maxwell in Patriotes zone.
5:12 of 2nd period - Barry Tallackson is hit by Sergei Plotnikov.
6:14 of 2nd period - Wrist shot by Igor Makarov.
6:14 of 2nd period - Shot Misses the Net.
6:18 of 2nd period - Slapshot by Andrew MacDonald.
6:18 of 2nd period - Stopped by Marek Schwarz with a rebound.
6:20 of 2nd period - Snap shot by Igor Makarov.
6:20 of 2nd period - Shot Misses the Net.
6:22 of 2nd period - Slapshot by Andrew MacDonald.
6:22 of 2nd period - Shot Misses the Net.
6:24 of 2nd period - Slapshot by Andrew MacDonald.
6:24 of 2nd period - Stopped by Marek Schwarz with a rebound.
6:26 of 2nd period - Snap shot by Ben Maxwell.
6:26 of 2nd period - Shot Misses the Net.
6:28 of 2nd period - Slapshot by Ben Maxwell.
6:28 of 2nd period - Shot Misses the Net.
6:30 of 2nd period - Slapshot by Ben Maxwell.
6:30 of 2nd period - Stopped by Marek Schwarz without a rebound.
6:31 of 2nd period - Kyle Rau wins face-off versus Barry Tallackson in Patriotes zone.
6:32 of 2nd period - Snap shot by Jordan Szwarz.
6:32 of 2nd period - Shot Blocked by Timothy Kunes.
6:38 of 2nd period - Slapshot by Noel Acciari.
6:38 of 2nd period - Stopped by Marek Schwarz with a rebound.
6:40 of 2nd period - Slapshot by Steve Oleksy.
6:40 of 2nd period - Stopped by Marek Schwarz with a rebound.
6:42 of 2nd period - Wrist shot by Jordan Szwarz.
6:42 of 2nd period - Goal by Jordan Szwarz - Blackdemons : 3 - Patriotes : 1.
6:43 of 2nd period - Kyle Rau wins face-off versus Christian Hanson in neutral zone.
6:57 of 2nd period - Minor Penalty to Calvin de Haan for Roughing.
6:58 of 2nd period - Christian Hanson wins face-off versus Noel Acciari in Blackdemons zone.
6:58 of 2nd period - Slapshot by Ryan Wilson.
6:58 of 2nd period - Shot Blocked by Igor Makarov.
7:00 of 2nd period - Slapshot by Barry Tallackson.
7:00 of 2nd period - Stopped by Matt Hackett without a rebound.
7:01 of 2nd period - Christian Hanson wins face-off versus Noel Acciari in Blackdemons zone.
7:04 of 2nd period - Slapshot by Barry Tallackson.
7:04 of 2nd period - Shot Misses the Net.
7:06 of 2nd period - Slapshot by Ryan Wilson.
7:06 of 2nd period - Deflect By Keaton Ellerby.
7:06 of 2nd period - Stopped by Matt Hackett with a rebound.
8:00 of 2nd period - Igor Makarov is hit by Zenon Konopka and loses puck.
8:57 of 2nd period - Penalty to Calvin de Haan is over, Calvin de Haan is back on ice.
9:08 of 2nd period - Wrist shot by Ben Maxwell.
9:08 of 2nd period - Goal by Ben Maxwell - Blackdemons : 4 - Patriotes : 1.
9:09 of 2nd period - Zenon Konopka wins face-off versus Ben Maxwell in neutral zone.
9:13 of 2nd period - Minor Penalty to Oscar Klefbom for Hooking.
9:14 of 2nd period - Christian Hanson wins face-off versus Noel Acciari in Blackdemons zone.
9:17 of 2nd period - Wrist shot by Fedor Fedorov.
9:17 of 2nd period - Shot Misses the Net.
9:19 of 2nd period - Snap shot by Timothy Kunes.
9:19 of 2nd period - Stopped by Matt Hackett with a rebound.
9:39 of 2nd period - Andrew MacDonald is hit by Ryan Wilson and loses puck.
9:44 of 2nd period - Snap shot by Andrew Gordon.
9:44 of 2nd period - Stopped by Matt Hackett with a rebound.
9:46 of 2nd period - Snap shot by Zenon Konopka.
9:46 of 2nd period - Shot Misses the Net.
9:48 of 2nd period - Wrist shot by Austin Watson.
9:48 of 2nd period - Shot Misses the Net.
10:36 of 2nd period - Sergei Plotnikov is hit by Barry Tallackson and loses puck.
11:13 of 2nd period - Penalty to Oscar Klefbom is over, Oscar Klefbom is back on ice.
11:28 of 2nd period - Dan Bertram is hit by Ryan Wilson and loses puck.
12:50 of 2nd period - Barry Tallackson is hit by Kyle Rau and loses puck.
13:03 of 2nd period - Andrew Gordon is hit by Noel Acciari and loses puck.
13:18 of 2nd period - Icing by Matt Hunwick.
13:19 of 2nd period - Ben Maxwell wins face-off versus Mathieu Perreault in Blackdemons zone.
14:40 of 2nd period - Slapshot by Matt Hunwick.
14:40 of 2nd period - Stopped by Marek Schwarz with a rebound.
15:42 of 2nd period - Steve Oleksy is hit by Zenon Konopka and loses puck.
15:57 of 2nd period - Mike Funk is hit by Igor Makarov and loses puck.
16:36 of 2nd period - Mattias Weinhandl is hit by Blake Pietila and loses puck.
16:55 of 2nd period - Off-side.
16:56 of 2nd period - Noel Acciari wins face-off versus Zenon Konopka in neutral zone.
17:09 of 2nd period - Wrist shot by Zenon Konopka.
17:09 of 2nd period - Shot Misses the Net.
17:11 of 2nd period - Slapshot by Zach Budish.
17:11 of 2nd period - Shot Misses the Net.
17:31 of 2nd period - Snap shot by Lauri Tukonen.
17:31 of 2nd period - Shot Blocked by Matt Hunwick.
18:37 of 2nd period - Snap shot by Melker Karlsson.
18:37 of 2nd period - Shot Misses the Net.
19:04 of 2nd period - Slapshot by Steve Oleksy.
19:04 of 2nd period - Stopped by Marek Schwarz with a rebound.
19:32 of 2nd period - Snap shot by Barry Tallackson.
19:32 of 2nd period - Shot Misses the Net.
19:44 of 2nd period - Keaton Ellerby is hit by Jordie Benn and loses puck.
Goals for this period are 2 for Blackdemons vs 0 for Patriotes.
Shots for this period are 18 for Blackdemons vs 5 for Patriotes.
3rd period
0:01 of 3rd period - Ben Maxwell wins face-off versus Christian Hanson in neutral zone.
0:43 of 3rd period - Jordie Benn is hit by Keaton Ellerby and loses puck.
0:54 of 3rd period - Wrist shot by Jordan Szwarz.
0:54 of 3rd period - Goal by Jordan Szwarz - Blackdemons : 5 - Patriotes : 1.
0:54 of 3rd period - Jason Missiaen enters game.
0:55 of 3rd period - Zenon Konopka wins face-off versus Ben Maxwell in neutral zone.
1:20 of 3rd period - Timothy Kunes is hit by Andrew MacDonald and loses puck.
1:29 of 3rd period - Backhand shot by Jordan Szwarz.
1:29 of 3rd period - Stopped by Jason Missiaen without a rebound.
1:30 of 3rd period - Ben Maxwell wins face-off versus Zenon Konopka in Patriotes zone.
1:31 of 3rd period - Snap shot by Igor Makarov.
1:31 of 3rd period - Stopped by Jason Missiaen with a rebound.
1:33 of 3rd period - Snap shot by Ben Maxwell.
1:33 of 3rd period - Stopped by Jason Missiaen without a rebound.
1:34 of 3rd period - Zenon Konopka wins face-off versus Ben Maxwell in Patriotes zone.
2:04 of 3rd period - Snap shot by Keaton Ellerby.
2:04 of 3rd period - Deflect By Barry Tallackson.
2:04 of 3rd period - Stopped by Jason Missiaen without a rebound.
2:05 of 3rd period - Ben Maxwell wins face-off versus Christian Hanson in Patriotes zone.
2:55 of 3rd period - Wrist shot by Melker Karlsson.
2:55 of 3rd period - Stopped by Matt Hackett with a rebound.
3:07 of 3rd period - Slapshot by Matt Hunwick.
3:07 of 3rd period - Shot Misses the Net.
3:09 of 3rd period - Slapshot by Matt Hunwick.
3:09 of 3rd period - Stopped by Jason Missiaen without a rebound.
3:10 of 3rd period - Christian Hanson wins face-off versus Noel Acciari in Patriotes zone.
3:15 of 3rd period - Slapshot by Mike Funk.
3:15 of 3rd period - Stopped by Matt Hackett with a rebound.
3:54 of 3rd period - Snap shot by Barry Tallackson.
3:54 of 3rd period - Shot Misses the Net.
4:42 of 3rd period - Oscar Klefbom is hit by Mathieu Perreault and loses puck.
4:47 of 3rd period - Slapshot by Mathieu Perreault.
4:47 of 3rd period - Shot Blocked by Oscar Klefbom.
4:49 of 3rd period - Wrist shot by Mathieu Perreault.
4:49 of 3rd period - Shot Misses the Net.
4:51 of 3rd period - Backhand shot by Mike Funk.
4:51 of 3rd period - Stopped by Matt Hackett with a rebound.
4:53 of 3rd period - Slapshot by Robbie Russo.
4:53 of 3rd period - Stopped by Matt Hackett with a rebound.
5:07 of 3rd period - Wrist shot by Keaton Ellerby.
5:07 of 3rd period - Shot Hit the Post.
5:09 of 3rd period - Wrist shot by Dan Bertram.
5:09 of 3rd period - Goal by Dan Bertram - Blackdemons : 6 - Patriotes : 1.
5:10 of 3rd period - Christian Hanson wins face-off versus Kyle Rau in neutral zone.
5:35 of 3rd period - Christian Hanson is hit by Ben Maxwell and loses puck.
5:46 of 3rd period - Snap shot by Ben Maxwell.
5:46 of 3rd period - Shot Blocked by Barry Tallackson.
6:02 of 3rd period - Wrist shot by Zenon Konopka.
6:02 of 3rd period - Shot Blocked by Calvin de Haan.
6:06 of 3rd period - Snap shot by Zenon Konopka.
6:06 of 3rd period - Shot Misses the Net.
6:08 of 3rd period - Wrist shot by Andrew Gordon.
6:08 of 3rd period - Stopped by Matt Hackett with a rebound.
6:38 of 3rd period - Slapshot by Sergei Plotnikov.
6:38 of 3rd period - Shot Misses the Net.
6:40 of 3rd period - Snap shot by Ben Maxwell.
6:40 of 3rd period - Shot Blocked by Jordie Benn.
6:44 of 3rd period - Wrist shot by Igor Makarov.
6:44 of 3rd period - Stopped by Jason Missiaen with a rebound.
6:56 of 3rd period - Mike Funk is hit by Keaton Ellerby and loses puck.
7:17 of 3rd period - Matt Hunwick is hit by Zenon Konopka and loses puck.
7:43 of 3rd period - Igor Makarov is hit by Jordie Benn and loses puck.
8:00 of 3rd period - Matt Hunwick is hit by Mattias Weinhandl.
8:17 of 3rd period - Oscar Klefbom is hit by Austin Watson and loses puck.
8:36 of 3rd period - Minor Penalty to Noel Acciari for Holding.
8:37 of 3rd period - Christian Hanson wins face-off versus Kyle Rau in Blackdemons zone.
10:36 of 3rd period - Penalty to Noel Acciari is over, Noel Acciari is back on ice.
10:52 of 3rd period - Noel Acciari is hit by Robbie Russo and loses puck.
10:57 of 3rd period - Snap shot by Mattias Weinhandl.
10:57 of 3rd period - Stopped by Matt Hackett with a rebound.
10:59 of 3rd period - Wrist shot by Mattias Weinhandl.
10:59 of 3rd period - Shot Misses the Net.
11:09 of 3rd period - Andrew MacDonald is hit by Timothy Kunes and loses puck.
11:33 of 3rd period - Timothy Kunes is hit by Sergei Plotnikov.
11:51 of 3rd period - Slapshot by Matt Hunwick.
11:51 of 3rd period - Stopped by Jason Missiaen with a rebound.
12:02 of 3rd period - Off-side.
12:03 of 3rd period - Noel Acciari wins face-off versus Mathieu Perreault in neutral zone.
12:09 of 3rd period - Icing by Mike Funk.
12:10 of 3rd period - Mathieu Perreault wins face-off versus Kyle Rau in Patriotes zone.
12:23 of 3rd period - Snap shot by Zenon Konopka.
12:23 of 3rd period - Shot Misses the Net.
12:47 of 3rd period - Igor Makarov is hit by Christian Hanson and loses puck.
13:44 of 3rd period - Andrew MacDonald is hit by Mathieu Perreault and loses puck.
13:49 of 3rd period - Slapshot by Steve Oleksy.
13:49 of 3rd period - Stopped by Jason Missiaen with a rebound.
13:53 of 3rd period - Slapshot by Kyle Rau.
13:53 of 3rd period - Goal by Kyle Rau - Blackdemons : 7 - Patriotes : 1.
13:54 of 3rd period - Ben Maxwell wins face-off versus Christian Hanson in neutral zone.
14:05 of 3rd period - Backhand shot by Christian Hanson.
14:05 of 3rd period - Shot Blocked by Oscar Klefbom.
14:07 of 3rd period - Snap shot by Barry Tallackson.
14:07 of 3rd period - Stopped by Matt Hackett without a rebound.
14:08 of 3rd period - Ben Maxwell wins face-off versus Christian Hanson in Blackdemons zone.
15:03 of 3rd period - Slapshot by Timothy Kunes.
15:03 of 3rd period - Stopped by Matt Hackett with a rebound.
15:53 of 3rd period - Barry Tallackson is hit by Dan Bertram.
15:59 of 3rd period - Snap shot by Christian Hanson.
15:59 of 3rd period - Shot Misses the Net.
16:01 of 3rd period - Snap shot by Timothy Kunes.
16:01 of 3rd period - Stopped by Matt Hackett without a rebound.
16:02 of 3rd period - Zenon Konopka wins face-off versus Ben Maxwell in Blackdemons zone.
16:13 of 3rd period - Snap shot by Ben Maxwell.
16:13 of 3rd period - Shot Blocked by Jordie Benn.
16:15 of 3rd period - Wrist shot by Sergei Plotnikov.
16:15 of 3rd period - Stopped by Jason Missiaen without a rebound.
16:16 of 3rd period - Sergei Plotnikov wins face-off versus Zenon Konopka in Patriotes zone.
16:23 of 3rd period - Slapshot by Igor Makarov.
16:23 of 3rd period - Stopped by Jason Missiaen without a rebound.
16:24 of 3rd period - Igor Makarov wins face-off versus Zenon Konopka in Patriotes zone.
16:29 of 3rd period - Snap shot by Igor Makarov.
16:29 of 3rd period - Stopped by Jason Missiaen with a rebound.
16:31 of 3rd period - Slapshot by Keaton Ellerby.
16:31 of 3rd period - Stopped by Jason Missiaen with a rebound.
16:33 of 3rd period - Snap shot by Oscar Klefbom.
16:33 of 3rd period - Shot Blocked by Mike Funk.
16:35 of 3rd period - Slapshot by Keaton Ellerby.
16:35 of 3rd period - Stopped by Jason Missiaen with a rebound.
16:39 of 3rd period - Snap shot by Igor Makarov.
16:39 of 3rd period - Stopped by Jason Missiaen without a rebound.
16:40 of 3rd period - Noel Acciari wins face-off versus Zenon Konopka in Patriotes zone.
17:07 of 3rd period - Melker Karlsson is hit by Igor Makarov and loses puck.
17:28 of 3rd period - Wrist shot by Mattias Weinhandl.
17:28 of 3rd period - Stopped by Matt Hackett with a rebound.
17:30 of 3rd period - Slapshot by Robbie Russo.
17:30 of 3rd period - Shot Misses the Net.
17:32 of 3rd period - Snap shot by Mathieu Perreault.
17:32 of 3rd period - Stopped by Matt Hackett with a rebound.
17:44 of 3rd period - Wrist shot by Zenon Konopka.
17:44 of 3rd period - Stopped by Matt Hackett with a rebound.
17:48 of 3rd period - Backhand shot by Zenon Konopka.
17:48 of 3rd period - Stopped by Matt Hackett without a rebound.
17:49 of 3rd period - Ben Maxwell wins face-off versus Zenon Konopka in Blackdemons zone.
18:12 of 3rd period - Noel Acciari is hit by Christian Hanson and loses puck.
18:41 of 3rd period - Snap shot by Melker Karlsson.
18:41 of 3rd period - Shot Misses the Net.
19:01 of 3rd period - Slapshot by Andrew MacDonald.
19:01 of 3rd period - Stopped by Jason Missiaen with a rebound.
19:03 of 3rd period - Slapshot by Andrew MacDonald.
19:03 of 3rd period - Stopped by Jason Missiaen without a rebound.
19:04 of 3rd period - Austin Watson wins face-off versus Kyle Rau in Patriotes zone.
19:09 of 3rd period - Snap shot by Zenon Konopka.
19:09 of 3rd period - Stopped by Matt Hackett with a rebound.
19:11 of 3rd period - Slapshot by Jordie Benn.
19:11 of 3rd period - Deflect By Zenon Konopka.
19:11 of 3rd period - Shot Misses the Net.
19:11 of 3rd period - Puck is out of play.
19:12 of 3rd period - Zenon Konopka wins face-off versus Kyle Rau in Blackdemons zone.
19:45 of 3rd period - Slapshot by Ben Maxwell.
19:45 of 3rd period - Shot Misses the Net.
19:47 of 3rd period - Slapshot by Andrew MacDonald.
19:47 of 3rd period - Shot Misses the Net.
Goals for this period are 3 for Blackdemons vs 0 for Patriotes.
Shots for this period are 19 for Blackdemons vs 14 for Patriotes.
Back to the Top